 Dungeon Sprint DCSS version 0.28-a0-664-gc179e30c89 (webtiles) character file.

Game seed: 11443321880217203916

64771 iamoutofideas the Slayer (level 14, -9/165 HPs)
             Began as a Deep Dwarf Fighter on Oct 15, 2021.
             Was the Champion of Makhleb.
             Mangled by a vault warden (29 damage)
             ... in the Dungeon (Sprint IX: "|||||||||||||||||||||||||||||").
             The game lasted 00:19:12 (2679 turns).

iamoutofideas the Slayer (Deep Dwarf Fighter)       Turns: 2679, Time: 00:19:13

Health: -9/165     AC: 17    Str: 25    XL:     14   Next: 73%
Magic:  4/4        EV: 14    Int:  9    God:    Makhleb [******]
Gold:   1374       SH:  8    Dex: 12    Spells: 29/39 levels left

rFire   + . .      SeeInvis .   z - +2 broad axe (vamp)
rCold   + + .      Faith    .   c - +0 buckler
rNeg    + + +      Spirit   .   F - +0 chain mail of Eternal Vigilance {rF+ rC+ rN++}
rPois   .          Reflect  .   b - +0 helmet
rElec   .          Harm     .   i - +0 cloak
rCorr   .          Rampage  .   o - +1 pair of gloves
Will    +++..      NoTele   +   (no boots)
Stlth   ..........              (no amulet)
HPRegen 0.00/turn               A - ring of protection from cold
MPRegen 0.09/turn               D - ring of willpower

@: mighty, marked, corroded, hasted, very quick
A: damage resistance, heal wounds, negative energy resistance 1, sense
surroundings 2, no regeneration
a: Heal Wounds, Renounce Religion, Minor Destruction, Lesser Servant of Makhleb,
Major Destruction, Greater Servant of Makhleb


You were in the Dungeon.
You worshipped Makhleb.
Makhleb was exalted by your worship.
You visited 1 branch You collected 1918 gold pieces.
You spent 544 gold pieces at shops.

Inventory:

Hand Weapons
 n - a +3 war axe of freezing
 x - a +1 war axe of flaming
 z - a +2 vampiric broad axe (weapon)
Missiles
 a - a throwing net
 y - 7 silver javelins
Armour
 b - a +0 helmet (worn)
 c - a +0 buckler (worn)
 i - a +0 cloak (worn)
 k - a +0 hat of stealth
 o - a +1 pair of gloves (worn)
 p - a +1 chain mail
 s - +0 acid dragon scales
 E - +0 swamp dragon scales
 F - the +0 chain mail of Eternal Vigilance (worn) {rF+ rC+ rN++}
   (You found it in the Dungeon)

   rF:        It protects you from fire.
   rC:        It protects you from cold.
   rN:        It greatly protects you from negative energy.
Jewellery
 A - a ring of protection from cold (left hand)
 B - a ring of fire
 C - a ring of see invisible
 D - a ring of willpower (right hand)
Wands
 m - a wand of iceblast (6)
 w - a wand of flame (16)
Scrolls
 l - 2 scrolls of amnesia
 t - 3 scrolls of fog
 u - 3 scrolls of identify
 v - 5 scrolls of enchant armour
Potions
 d - a potion of might
 e - 9 potions of curing
 g - 2 potions of haste
 h - 4 potions of magic


   Skills:
 + Level 21.5 Fighting
 - Level 20.0 Axes
 + Level 19.9 Armour
 + Level 14.3 Dodging
 - Level 4.8 Stealth
 + Level 17.0 Shields
 * Level 13.3 Spellcasting
 - Level 5.0 Evocations


You had 29 spell levels left.
You knew the following spells:

 Your Spells              Type           Power      Damage    Failure   Level
a - Ozocubu's Refrigerat  Ice            3%         4d5       100%        7
b - Frozen Ramparts       Ice            12%        1d3       69%         3

Your spell library contained the following spells:

 Spells                   Type           Power      Damage    Failure   Level
 Ozocubu's Armour         Ice            6%         N/A       69%         3
 Ice Form                 Ice/Tmut       6%         N/A       97%         4
 Summon Ice Beast         Ice/Summ       6%         N/A       97%         4


Dungeon Overview and Level Annotations

Branches:
Dungeon (1/1)

Altars:
Cheibriados
Dithmenos
Elyvilon
Fedhas
Gozag
Hepliaklqana
Kikubaaqudgha
Makhleb
Nemelex Xobeh
Okawaru
Qazlal
Ru
Sif Muna
Trog
Uskayaw
Vehumet
Wu Jian
Xom
Yredelemnul
Zin
The Shining One
Beogh
Jiyva
Lugonu

Shops:
D (((:


Innate Abilities, Weirdness & Mutations

You are resistant to damage.
You can heal yourself by infusing magical energy.
You resist negative energy. (rN+)
You passively map the area around you.
You do not regenerate.


Message History

You feel much better.
The vault warden no longer looks unusually strong.
The yellow draconian completely misses you.
The vault warden hits you with a +2 great mace!
* * * LOW HITPOINT WARNING * * *
Your magical essence is drained by the effort!
You feel much better.
The yellow draconian hits you but does no damage.
The vault warden closely misses you.
Your magical essence is drained by the effort!
You feel much better.
You block the yellow draconian's attack.
The vault warden hits you with a +2 great mace!!
* * * LOW HITPOINT WARNING * * *
Okay, then.
Okay, then.
As you read the scroll of fog, it crumbles to dust.
The scroll dissolves into smoke.
The ironbound convoker begins to recite a word of recall!
The yellow draconian closely misses you.
The vault warden hits you with a +2 great mace!
* * * LOW HITPOINT WARNING * * *
Unknown command.
You feel much better. The yellow draconian barely misses you.
The vault warden hits you with a +2 great mace!!
* * * LOW HITPOINT WARNING * * *
Okay, then.
You feel yourself speed up.
The yellow draconian hits you with a +0 flail!
* * * LOW HITPOINT WARNING * * *
You block the vault warden's attack.
You feel very mighty all of a sudden. The yellow draconian spits acid at you.
The glob of acid hits you!
* * * LOW HITPOINT WARNING * * *
The acid corrodes you!
Your magical essence is drained by the effort!
You feel much better.
The vault warden hits you with a +2 great mace!!
You die...

.▓.▓.▓.▓.▓.▓.▓.▓[▓ ,
*,
†▓.▓)▓.▓.▓.▓†▓.▓)▓,
,* *
'▓)▓)▓.▓=▓.▓.▓.▓)▓ ,
,
.▓.▓.▓.▓†▓.▓.▓.▓)▓,
, * *
.▓.▓.▓.▓†▓.▓.▓.▓)▓ *
, .▓.▓.▓.▓)▓.▓.▓.▓)▓
, ,
.▓.▓)▓.▓)▓.▓†▓.▓§▓,
, , *, ,
.▓.▓∩▓.▓.▓.▓)▓.▓d▓ *
.▓.▓.▓.▓.▓.▓)▓.▓@▓
,* ,
.▓.▓∩▓.▓.▓.▓†▓.▓p▓,*
*, , * ,
.▓.▓.▓.▓.▓.▓†▓.▓p▓ ,
*,
(▓.▓∩▓.▓.▓.▓)▓.▓p▓ ,
* *
.▓.▓)▓.▓.▓.▓.▓.▓M▓
(▓.▓∩▓.▓.▓.▓.▓.▓X▓,
*,*,
.▓.▓)▓.▓.▓.▓.▓.▓.▓,*
* ,
'▓.▓.▓.▓.▓.▓.▓.▓.▓ *
*, .▓.▓.▓.▓.▓.▓'▓.▓,
, , *


You could see a yellow draconian (catching breath), a vault warden and an
ironbound convoker (catching breath).

Vanquished Creatures
  Rupert (D)
  2 liches (D)
  Frances (D)
  Gastronok (D)
  2 nagarajas (D)
  A fire giant (D)
  A ghost moth (D)
  A frost giant (D)
  A vault warden (D)
  2 ironbound preservers (D)
  3 very ugly things (D)
  2 stone giants (D)
  An entropy weaver (D)
  A dire elephant (D)
  An eleionoma (D)
  2 ettins (D)
  A fire dragon (D)
  3 yaktaur captains (D)
  An ironbound thunderhulk (D)
  6 hydras (D)
  A peacekeeper (D)
  A rakshasa (D)
  2 boulder beetles (D)
  A spriggan air mage (D)
  An ironbound frostheart (D)
  3 ice dragons (D)
  2 ogre magi (D)
  A satyr (D)
  2 centaur warriors (D)
  5 two-headed ogres (D)
  An alligator (D)
  A merfolk avatar (D)
  Urug (D)
  A tengu warrior (D)
  A deep troll earth mage (D)
  A deep troll shaman (D)
  A hell knight (D)
  A spriggan berserker (D)
  A naga sharpshooter (D)
  A goliath frog (D)
  A fire crab (shapeshifter) (D)
  A swamp dragon (D)
  A wizard (D)
  2 ironbound convokers (D)
  2 lindwurms (D)
  A mana viper (D)
  A slime creature (D)
  A wolf spider (D)
  A cyclops (D)
  5 manticores (D)
  2 ugly things (D)
  A will-o-the-wisp (D)
  5 black mambas (D)
  A water nymph (D)
  Maurice (D)
  8 elephants (D)
  A guardian serpent (D)
  3 cane toads (D)
  A vault sentinel (D)
  A komodo dragon (D)
  A yaktaur (D)
  A tengu conjurer (D)
  2 merfolk (D)
  2 jumping spiders (D)
  A troll (D)
  A hornet (D)
  A wind drake (D)
  3 redbacks (D)
  A shadow (D)
  3 yaks (D)
  A wraith (D)
  A hog (shapeshifter) (D)
  Eustachio (D)
  A wyvern (D)
  5 basilisks (D)
  A naga (D)
  An acid dragon (D)
  12 orc warriors (D)
  7 ogres (D)
  A centaur (D)
  A scorpion (D)
  2 bullfrogs (D)
  An orc priest (D)
  An iguana (D)
  3 orc wizards (D)
  An adder zombie (D)
  11 orcs (D)
  An endoplasm (D)
  A goblin (D)
  A hobgoblin (D)
  A ball python (D)
  A frilled lizard (D)
175 creatures vanquished.

Vanquished Creatures (others)
  2 wizards (D)
  A bloated husk (D)
  A shadow (D)
  2 foxfires (D)
6 creatures vanquished.

Grand Total: 181 creatures vanquished

Notes
Turn   | Place    | Note
-------+----------+-------------------------------------------
     0 | D        | iamoutofideas the Deep Dwarf Fighter began the quest for
                  | the Orb.
     0 | D        | Reached XP level 1. HP: 20/20 MP: 1/1
     7 | D        | Reached skill level 3 in Fighting
    15 | D        | Banished a spatial maelstrom
    18 | D        | Noticed an iguana
    18 | D        | Noticed a scorpion
    18 | D        | Noticed an ogre
    28 | D        | Killed an iguana
    29 | D        | Reached skill level 4 in Fighting
    29 | D        | Reached XP level 2. HP: 12/30 MP: 2/2
    29 | D        | Reached XP level 3. HP: 15/36 MP: 3/3
    34 | D        | Killed a scorpion
    35 | D        | Reached skill level 5 in Axes
    35 | D        | Reached skill level 5 in Armour
    35 | D        | Reached skill level 5 in Shields
    35 | D        | Reached XP level 4. HP: 35/45 MP: 3/3
    38 | D        | Killed an ogre
    39 | D        | Reached XP level 5. HP: 50/51 MP: 4/4
    46 | D        | Found a snail-covered altar of Cheibriados.
    46 | D        | Found a shadowy altar of Dithmenos.
    46 | D        | Found a white marble altar of Elyvilon.
    46 | D        | Found a blossoming altar of Fedhas.
    46 | D        | Found an opulent altar of Gozag.
    47 | D        | Found a hazy altar of Hepliaklqana.
    48 | D        | Found a viscous altar of Jiyva.
    49 | D        | Found an ancient bone altar of Kikubaaqudgha.
    50 | D        | Found a corrupted altar of Lugonu.
    51 | D        | Found a burning altar of Makhleb.
    52 | D        | Found a sparkling altar of Nemelex Xobeh.
    53 | D        | Found an iron altar of Okawaru.
    54 | D        | Found a stormy altar of Qazlal.
    55 | D        | Found a sacrificial altar of Ru.
    56 | D        | Found a shimmering blue altar of Sif Muna.
    57 | D        | Found a bloodstained altar of Trog.
    58 | D        | Found a hide-covered altar of Uskayaw.
    59 | D        | Became a worshipper of Makhleb the Destroyer
    60 | D        | Found a radiant altar of Vehumet.
    61 | D        | Found an ornate altar of the Wu Jian Council.
    62 | D        | Found a shimmering altar of Xom.
    63 | D        | Found a basalt altar of Yredelemnul.
    64 | D        | Found a glowing silver altar of Zin.
    65 | D        | Found a glowing golden altar of the Shining One.
   100 | D        | Noticed a troll
   100 | D        | Noticed a wraith
   100 | D        | Noticed a komodo dragon
   100 | D        | Noticed a shadow
   100 | D        | Noticed an acid dragon
   102 | D        | Killed a troll
   103 | D        | Reached XP level 6. HP: 55/60 MP: 5/5
   111 | D        | Killed a wraith
   112 | D        | Reached XP level 7. HP: 56/66 MP: 6/6
   124 | D        | Killed a komodo dragon
   124 | D        | Reached * piety under Makhleb
   125 | D        | Reached skill level 5 in Fighting
   129 | D        | Killed a shadow
   130 | D        | Reached skill level 1 in Dodging
   137 | D        | Reached XP level 8. HP: 55/76 MP: 7/7
   140 | D        | Reached ** piety under Makhleb
   151 | D        | Noticed a red ugly thing
   151 | D        | Noticed a centaur warrior
   151 | D        | Noticed a cyclops
   176 | D        | Killed a red ugly thing
   177 | D        | Reached skill level 6 in Fighting
   200 | D        | Killed a centaur warrior
   201 | D        | Reached skill level 7 in Fighting
   201 | D        | Reached skill level 5 in Evocations
   201 | D        | Gained mutation: You passively map the area around you.
                  | [Deep Dwarf growth]
   201 | D        | Reached XP level 9. HP: 42/88 MP: 6/6
   203 | D        | Reached *** piety under Makhleb
   204 | D        | Reached skill level 8 in Fighting
   204 | D        | Reached skill level 10 in Armour
   211 | D        | Killed a cyclops
   212 | D        | Reached skill level 5 in Dodging
   443 | D        | Noticed a black mamba
   444 | D        | Noticed an eight-headed hydra
   451 | D        | Reached skill level 9 in Fighting
   452 | D        | Noticed a four-headed hydra
   457 | D        | Reached **** piety under Makhleb
   485 | D        | Killed an 18-headed hydra
   491 | D        | Killed an eight-headed hydra
   492 | D        | Reached skill level 10 in Fighting
   492 | D        | Reached XP level 10. HP: 103/103 MP: 6/6
   492 | D        | Killed a black mamba
   499 | D        | Reached ***** piety under Makhleb
   527 | D        | Noticed a cane toad
   527 | D        | Noticed a black mamba
   527 | D        | Noticed a cane toad
   535 | D        | Noticed an elephant
   540 | D        | Killed a cane toad
   541 | D        | Reached skill level 11 in Fighting
   544 | D        | Noticed a cane toad
   554 | D        | Killed a black mamba
   555 | D        | Reached skill level 1 in Spellcasting
   558 | D        | Killed a cane toad
   572 | D        | Killed an elephant
   572 | D        | Reached ****** piety under Makhleb
   577 | D        | Killed a cane toad
   578 | D        | Reached skill level 12 in Fighting
   589 | D        | Noticed an elephant
   589 | D        | Noticed an elephant
   589 | D        | Noticed an elephant
   589 | D        | Noticed a dire elephant
   589 | D        | Noticed an elephant
   589 | D        | Noticed an elephant
   597 | D        | Killed an elephant
   603 | D        | Noticed an elephant
   610 | D        | Killed a dire elephant
   611 | D        | Reached XP level 11. HP: 35/115 MP: 8/10
   640 | D        | Reached skill level 13 in Fighting
   640 | D        | Reached skill level 10 in Shields
   667 | D        | Reached skill level 5 in Spellcasting
   725 | D        | Learned a level 7 spell: Ozocubu's Refrigeration
   732 | D        | Noticed Gastronok
   750 | D        | Killed Gastronok
   751 | D        | Reached skill level 15 in Armour
   764 | D        | Noticed Eustachio
   773 | D        | Killed Eustachio
   781 | D        | Noticed Maurice
   795 | D        | Killed Maurice
   811 | D        | Noticed Urug
   827 | D        | Killed Urug
   828 | D        | Reached skill level 14 in Fighting
  1111 | D        | Found Usoinn's Weapon Emporium.
  1111 | D        | Noticed a two-headed ogre
  1111 | D        | Noticed a two-headed ogre
  1111 | D        | Noticed a two-headed ogre
  1111 | D        | Noticed a two-headed ogre
  1118 | D        | Killed a two-headed ogre
  1119 | D        | Reached skill level 10 in Dodging
  1121 | D        | Killed a two-headed ogre
  1127 | D        | Killed a two-headed ogre
  1128 | D        | Reached skill level 15 in Fighting
  1131 | D        | Killed a two-headed ogre
  1132 | D        | Reached XP level 12. HP: 79/130 MP: 11/11
  1137 | D        | Found Jybbatt's Weapon Shoppe.
  1139 | D        | Found Moocon's Antique Weapon Emporium.
  1140 | D        | Noticed a two-headed ogre
  1151 | D        | Killed a two-headed ogre
  1152 | D        | Found Muply's Book Shoppe.
  1157 | D        | Noticed an ogre mage
  1158 | D        | Noticed an ogre mage
  1169 | D        | Killed an ogre mage
  1173 | D        | Killed an ogre mage
  1211 | D        | Bought a +2 vampiric broad axe for 264 gold pieces
  1217 | D        | Bought a book of Rime for 280 gold pieces
  1221 | D        | Learned a level 3 spell: Frozen Ramparts
  1344 | D        | Got the +0 chain mail of Eternal Vigilance {rF+ rC+ rN++}
  1426 | D        | Reached skill level 16 in Fighting
  1432 | D        | Noticed a five-headed hydra
  1434 | D        | Noticed a green very ugly thing
  1437 | D        | Noticed a deep troll shaman
  1440 | D        | Noticed a frost giant
  1450 | D        | Killed a one-headed hydra
  1451 | D        | Noticed a green very ugly thing
  1454 | D        | Noticed a death yak
  1461 | D        | Killed a green very ugly thing
  1467 | D        | Killed a deep troll shaman
  1469 | D        | Noticed an ice dragon
  1510 | D        | Killed a frost giant
  1518 | D        | Killed a green very ugly thing
  1533 | D        | Killed an ice dragon
  1534 | D        | Reached skill level 17 in Fighting
  1599 | D        | Noticed Frances
  1613 | D        | Killed Frances
  1624 | D        | Noticed Rupert
  1667 | D        | Killed Rupert
  1668 | D        | Reached XP level 13. HP: 68/144 MP: 11/11
  1709 | D        | Noticed a nagaraja
  1709 | D        | Noticed a nagaraja
  1719 | D        | HP: 1/144 [naga sharpshooter/arrow (19)]
  1739 | D        | Killed a nagaraja
  1750 | D        | Killed a nagaraja
  1796 | D        | Noticed an eleionoma
  1930 | D        | Killed an eleionoma
  1941 | D        | Reached skill level 18 in Fighting
  1961 | D        | Reached skill level 15 in Shields
  1961 | D        | Reached skill level 10 in Spellcasting
  1998 | D        | Noticed an entropy weaver
  2008 | D        | Killed an entropy weaver
  2037 | D        | Killed a ghost moth
  2307 | D        | Noticed an ettin
  2307 | D        | Noticed a lich
  2307 | D        | Noticed a fire giant
  2308 | D        | Noticed a lich
  2312 | D        | Noticed a white very ugly thing
  2323 | D        | Killed a lich
  2324 | D        | Reached skill level 19 in Fighting
  2334 | D        | Killed a fire giant
  2335 | D        | Gained mutation: You resist negative energy. (rN+) [Deep
                  | Dwarf growth]
  2335 | D        | Reached XP level 14. HP: 98/159 MP: 7/7
  2338 | D        | Killed a lich
  2338 | D        | Noticed a stone giant
  2346 | D        | Killed a white very ugly thing
  2390 | D        | Killed a stone giant
  2436 | D        | Reached skill level 20 in Fighting
  2496 | D        | Noticed a stone giant
  2508 | D        | Killed a stone giant
  2523 | D        | Noticed a vault warden
  2549 | D        | Killed a vault warden
  2560 | D        | Noticed an ironbound preserver
  2589 | D        | Killed an ironbound preserver
  2599 | D        | Reached skill level 21 in Fighting
  2599 | D        | Noticed an ironbound preserver
  2624 | D        | Noticed a vault warden
  2653 | D        | Killed an ironbound preserver
  2671 | D        | Noticed an Orb Guardian
  2671 | D        | Noticed a royal mummy
  2678 | D        | HP: 7/165 [yellow draconian/glob of acid (14)]
  2679 | D        | Mangled by a vault warden

Illustrated notes

Levels and vault maps discovered:
D:        linesprint [early_d, line_temple, items_1, d_10, items_2, lair_1,
          lair_end, items_3, orc_1, orc_end, items_4, d_15, swamp_1, shoals_1,
          snake_1, spider_1, d_20, vaults_1, items_5, swamp_end, shoals_end,
          snake_end, spider_end, vaults_end, d_27, items_6, zot_1, zot_end,
          crypt_end, forest_end, elf_end, slime_end, tomb_end, abyss_end,
          pan_hell_end]

Skill      XL: |  1  2  3  4  5  6  7  8  9 10 11 12 13 14 |
---------------+-------------------------------------------+-----
Fighting       | 4 5 7 10 12 15 17 19 21 | 21.5
Armour         | 4 5 7 9 12 14 16 17 18 19 | 19.9
Shields        | 4 5 6 7 8 9 11 14 15 17 | 17.0
Axes           | 3 5 8 13 14 16 19 20 | 20.0
Dodging        | 1 4 7 9 10 11 13 14 | 14.3
Evocations     | 5 |  5.0
Stealth        | 3 4 |  4.8
Spellcasting   | 3 7 9 11 13 | 13.3

Action                   |  1- 3 |  4- 6 |  7- 9 | 10-12 | 13-15 || total
-------------------------+-------+-------+-------+-------+-------++-------
Melee: War axe           |    23 |    15 |    91 |   317 |    21 ||   467
       Broad axe         |       |       |       |   165 |   542 ||   707
 Abil: Heal Wounds       |     1 |     1 |    13 |    25 |    22 ||    62
Evoke: Wand              |       |       |     4 |       |     1 ||     5
  Use: Potion            |       |       |     5 |     7 |     2 ||    14
       Scroll            |       |       |     2 |       |     3 ||     5
 Stab: Invisible         |       |       |     3 |     1 |       ||     4
Armor: Scale mail        |     6 |     4 |    20 |       |       ||    30
       Chain mail        |       |       |    30 |    68 |    92 ||   190
       Swamp dragon scal |       |       |       |    46 |    97 ||   143
Dodge: Dodged            |     5 |     7 |    51 |   160 |   236 ||   459
Block: Buckler           |     8 |     2 |    23 |    97 |   143 ||   273

Table legend: (Time is in decaauts)
 A = Elapsed time spent in this place.
 B = Non-inter-level travel time spent in this place.
 C = Inter-level travel time spent in this place.
 D = Time resting spent in this place.
 E = Time spent auto-exploring this place.
 F = Levels seen in this place.
 G = Mean time per level.
                   A        B        C        D        E       F      G
               +--------+--------+--------+--------+--------+-----+--------+
         Total |   2347 |   2266 |     81 |    129 |     13 |   1 | 2347.0 |
       Dungeon |   2347 |   2266 |     81 |    129 |     13 |   1 | 2347.0 |
               +--------+--------+--------+--------+--------+-----+--------+

Top non-repeatable levels by time:
       D: 2347 daAuts
